 Dungeon Crawl Stone Soup version 0.21.1-1-g345015f (webtiles) character file.

1932 shakethe the Reanimator (level 8, 0/63 (64) HPs)
             Began as a Demonspawn Necromancer on Feb 18, 2018.
             Splashed by an orc's acid (17 damage)
             ... on level 6 of the Dungeon.
             The game lasted 00:27:44 (6849 turns).

shakethe the Reanimator (Demonspawn Necromancer)    Turns: 6849, Time: 00:27:45

HP:   0/63 (64)     AC: 11    Str:  9    XL:     8   Next: 97%
MP:   12/17         EV: 12    Int: 22    God:
Gold: 202           SH:  0    Dex: 13    Spells: 2/19 levels left

rFire    + . .     SeeInvis .   e - +0 whip (curse)
rCold    . . .     Gourm    .   (no shield)
rNeg     . . .     Faith    .   a - +0 robe
rPois    .         Spirit   .   f - +2 helmet {Int+3}
rElec    .         Reflect  .   D - +2 cloak
rCorr    .         Harm     .   n - +0 pair of gloves
MR       .....                  (no boots)
Stlth    ++++......             (no amulet)
HPRegen  0.20/turn              A - +6 ring of protection
MPRegen  0.15/turn              (no ring)

@: corroded
A: claws 1, fire resistance 1, nightstalker 2
a: no special abilities


You were on level 6 of the Dungeon.
You were not hungry.

You visited 1 branch of the dungeon, and saw 6 of its levels.
You also visited: Sewer and Ossuary.

You collected 372 gold pieces.
You spent 170 gold pieces at shops.

Inventory:

Hand Weapons
 d - a cursed -3 whip
 e - a cursed +0 whip (weapon)
 E - a +2 morningstar of crushing
Missiles
 j - 69 stones (quivered)
Armour
 a - a +0 robe (worn)
 f - a +2 helmet of intelligence (worn)
 h - a +0 buckler
 l - a scarf of spirit shield
 n - a +0 pair of gloves (worn)
 D - a +2 cloak (worn)
Jewellery
 A - a +6 ring of protection (left hand)
Wands
 s - a wand of disintegration (18)
 H - a wand of flame (22)
Scrolls
 k - 3 scrolls of amnesia
 m - a scroll of fog {unknown}
 q - 8 scrolls of teleportation
 r - a scroll of blinking {unknown}
 u - 3 scrolls of random uselessness {unknown}
 v - 3 scrolls of identify
 w - 2 scrolls of enchant armour
 y - 2 scrolls of enchant weapon {unknown}
 B - a scroll of immolation {unknown}
 G - 3 scrolls of fear {unknown}
Potions
 g - 6 potions of curing {unknown}
 i - 4 potions of flight {unknown}
 o - 3 potions of brilliance {unknown}
 p - 2 potions of invisibility {unknown}
 t - 3 potions of heal wounds {unknown}
 x - 5 potions of might {unknown}
 z - 2 potions of mutation {unknown}
 C - a potion of magic {unknown}
 F - a potion of haste {unknown}
 I - a potion of resistance {unknown}
 J - a potion of lignification {unknown}
Books
 b - a book of Necromancy

   Spells                             Type                      Level
   a - Pain                           Necromancy                   1
   b - Animate Skeleton               Necromancy                   1
   c - Vampiric Draining              Necromancy                   3
   d - Regeneration                   Charms/Necromancy            3
   e - Animate Dead                   Necromancy                   4
   f - Borgnjor's Vile Clutch         Necromancy/Earth             5
 K - a book of Power

   Spells                             Type                      Level
   a - Iskenderun's Battlesphere      Conjuration/Charms           5
   b - Venom Bolt                     Conjuration/Poison           5
   c - Bolt of Magma                  Conjuration/Fire/Earth       5
   d - Iron Shot                      Conjuration/Earth            6
   e - Orb of Destruction             Conjuration                  7
   f - Spellforged Servitor           Conjuration/Summoning        7
Comestibles
 c - 13 rations


   Skills:
 + Level 6.2 Fighting
 - Level 1.7 Dodging
 - Level 1.7 Stealth
 + Level 6.0 Spellcasting
 + Level 8.2 Necromancy
 + Level 3.3 Earth Magic


You had 2 spell levels left.
You knew the following spells:

 Your Spells              Type           Power        Failure   Level  Hunger
a - Pain                  Necr           ####         1%          1    None
b - Vampiric Draining     Necr           #####.....   1%          3    #......
c - Borgnjor's Vile Clut  Necr/Erth      ####......   22%         5    #####..
d - Animate Dead          Necr           N/A          3%          4    ###....
r - Regeneration          Chrm/Necr      ###.......   4%          3    #......
Q - Animate Skeleton      Necr           N/A          1%          1    None


Dungeon Overview and Level Annotations

Branches:
Dungeon (6/15)             Temple (0/1) D:4

Altars:
Wu Jian

Shops:
D:5 ?


Innate Abilities, Weirdness & Mutations

You have sharp fingernails.
Your flesh is heat resistant. (rF+)
You are significantly more attuned to the shadows.


Message History

You kill the orc warrior!
Found a club.
Things that are here:
a battleaxe; a glowing plate armour; an orc corpse You barely miss the orc.
The orc shouts!
The orc hits you but does no damage.
You hit the orc.
The orc is heavily wounded.
The orc zaps a wand.
The bolt of acid hits you! The acid corrodes you!
You are splashed with acid!
The acid burns!
It is a wand of acid (8).
You closely miss the orc.
The orc is heavily wounded.
The orc closely misses you.
You hit the orc but do no damage.
The orc is heavily wounded.
The orc zaps a wand.
The bolt of acid hits you!
* * * LOW HITPOINT WARNING * * *
You are splashed with acid!
The acid burns!
You die...

# #...'.....l''.. #
#####......##.. #
#......##.. #
.....).## ###########
# ........# ........#
........# .....o..#
.....@..# ########
......)†######......##
.......†.....'......).
#######
...........###......##
......# ...........#
#......## ......#
...........# #......##
......# #######....#
######... ......#
#....# #...... ......#
#....# #.##.##


You could see an orc.

Vanquished Creatures
  The ghost of execc the Poker, an amateur OpGl (D:4)
  Duvessa (D:5)
  An orc warrior (D:6)
  2 phantoms
  A centaur (D:5)
  2 ogres
  A bullfrog (D:6)
  3 water moccasin zombies (Ossuary)
  Dowan (D:5)
  2 scorpions
  3 crimson imps (D:5)
  A centaur zombie (D:5)
  A hound (D:6)
  4 orc wizards (D:6)
  3 orc priests
  A jelly (D:5)
  An iguana (D:5)
  3 big kobold zombies (Ossuary)
  2 mummies (Ossuary)
  5 adders
  2 river rats (Sewer)
  A shadow imp (D:6)
  A worm (D:3)
  8 adder zombies
  5 leopard geckos
  22 orcs
  8 giant cockroaches
  2 gnoll zombies (Ossuary)
  7 goblins
  12 hobgoblins
  6 jackals
  A quokka (D:5)
  6 ball pythons
  11 bats
  11 frilled lizards
  3 hobgoblin zombies (Ossuary)
  6 kobolds
  3 kobold zombies (Ossuary)
  7 orc zombies (Ossuary)
  A quokka skeleton (D:5)
  A quokka zombie (D:4)
  21 rats
  A rat zombie (D:4)
185 creatures vanquished.

Notes
Turn   | Place    | Note
-------+----------+-------------------------------------------
     0 | D:1      | shakethe the Demonspawn Necromancer began the quest for the Orb.
     0 | D:1      | Reached XP level 1. HP: 13/13 MP: 3/3
   164 | D:1      | Gained mutation: You are slightly more attuned to the shadows. [demonic ancestry]
   164 | D:1      | Reached XP level 2. HP: 16/20 MP: 1/5
   516 | D:1      | Reached skill level 1 in Fighting
   759 | D:1      | Learned a level 1 spell: Animate Skeleton
   812 | D:1      | Gained mutation: You have sharp fingernails. [demonic ancestry]
   812 | D:1      | Reached XP level 3. HP: 22/26 MP: 2/6
  1024 | D:1      | Learned a level 3 spell: Vampiric Draining
  1217 | D:2      | Reached skill level 5 in Necromancy
  1684 | D:3      | Reached XP level 4. HP: 29/33 MP: 3/8
  2424 | D:4      | Reached XP level 5. HP: 36/39 MP: 4/10
  2446 | D:4      | Noticed execc's ghost (amateur OpGl)
  2622 | D:4      | Found a sand-covered staircase.
  2630 | Ossuary  | Entered an ossuary
  2937 | Ossuary  | Reached XP level 6. HP: 35/47 MP: 11/11
  2981 | Ossuary  | Reached skill level 6 in Necromancy
  3009 | Ossuary  | Learned a level 3 spell: Regeneration
  3389 | D:4      | Found a staircase to the Ecumenical Temple.
  3490 | D:4      | Gained mutation: Your flesh is heat resistant. (rF+) [demonic ancestry]
  3490 | D:4      | Reached XP level 7. HP: 36/54 MP: 6/13
  3608 | D:4      | Found an ornate altar of the Wu Jian Council.
  3818 | D:4      | Killed execc's ghost
  4001 | D:4      | Learned a level 5 spell: Borgnjor's Vile Clutch
  4006 | D:5      | Entered Level 5 of the Dungeon
  4008 | D:5      | Found a glowing drain.
  4017 | Sewer    | Entered a sewer
  4493 | D:5      | Reached skill level 7 in Necromancy
  4496 | D:5      | Reached skill level 1 in Earth Magic
  4549 | D:5      | Reached skill level 5 in Spellcasting
  4745 | D:5      | Reached skill level 5 in Fighting
  4745 | D:5      | Gained mutation: You are significantly more attuned to the shadows. [demonic ancestry]
  4745 | D:5      | Reached XP level 8. HP: 17/62 MP: 8/15
  5097 | D:5      | Found Goowkag's Magic Scroll Shoppe.
  5354 | D:5      | Bought a scroll of teleportation for 33 gold pieces
  5354 | D:5      | Bought a scroll of teleportation for 33 gold pieces
  5354 | D:5      | Bought a scroll of identify for 22 gold pieces
  5354 | D:5      | Bought a scroll of enchant armour for 82 gold pieces
  5423 | D:5      | Noticed Dowan
  5477 | D:5      | Killed Dowan
  5580 | D:5      | Noticed Duvessa
  5588 | D:5      | Killed Duvessa
  5754 | D:5      | Learned a level 4 spell: Animate Dead
  6289 | D:6      | Reached skill level 8 in Necromancy
  6849 | D:6      | Splashed by an orc's acid

Skill      XL: |  1  2  3  4  5  6  7  8 |
---------------+-------------------------+-----
Fighting       | 1 2 3 4 5 6 |  6.2
Necromancy     | 5 6 7 8 |  8.2
Spellcasting   | 3 4 5 6 |  6.0
Earth Magic    | 1 3 |  3.3
Dodging        | |  1.7
Stealth        | |  1.7

Action                   |  1- 3 |  4- 6 |  7- 9 || total
-------------------------+-------+-------+-------++-------
Melee: Club              |    51 |       |       ||    51
       Unarmed           |     1 |       |       ||     1
       Whip              |     7 |   414 |   531 ||   952
Throw: Stone             |       |       |     1 ||     1
 Cast: Pain              |    68 |    42 |   114 ||   224
       Regeneration      |       |     8 |    10 ||    18
       Borgnjor's Vile C |       |       |     4 ||     4
  Use: Scroll            |     3 |       |     2 ||     5
 Stab: Sleeping          |       |     1 |     5 ||     6
       Distracted        |       |     1 |       ||     1
  Eat: Chunk             |     3 |     3 |    13 ||    19
       Ration            |       |     1 |     1 ||     2
Armor: Robe              |    27 |   158 |   288 ||   473
Dodge: Dodged            |    59 |   221 |   383 ||   663
